APL (24 & UNDER)
SCOTTSDALE SCORPIONS @ NANTUCKET ORCAS
05/16/2029
 
TOP OF THE 1ST
Scottsdale Scorpions batting - Pitching for Nantucket Orcas : LHP José Rodríguez
Pitching: LHP José Rodríguez
Batting: LHB Shawn Brown 0-0: Ball
1-0: Called Strike
1-1: Ball
2-1: Foul Ball, location: 2F
2-2: Ball
3-2: Base on Balls
Batting: RHB Matt Dickson 0-0: Called Strike
0-1: Called Strike
0-2: Ball
1-2: Ball
2-2: Fly out, F8 (Flyball, 8LD)
Batting: SHB Juan Gonzáles 0-0: Ball
1-0: Ball
2-0: DOUBLE (Line Drive, 9LS)
Shawn Brown to third
Batting: LHB Manny Vigil 0-0: Ball
1-0: Ball
2-0: Ball
3-0: Called Strike
3-1: Swinging Strike
3-2: Base on Balls
Batting: SHB Luis López 0-0: Ball
1-0: Swinging Strike
1-1: Foul Ball, location: 2F
1-2: Ball
2-2: Foul Ball, location: 2F
2-2: Ball
3-2: Foul Ball, location: 2F
3-2: Grounds into double play, 3-6-4 (Groundball, 34)
Top of the 1st over - 0 runs, 1 hit, 0 errors, 2 left on base; Scottsdale 0 - Nantucket 0
BOTTOM OF THE 1ST
Nantucket Orcas batting - Pitching for Scottsdale Scorpions : LHP António Rodríguez
Pitching: LHP António Rodríguez
Batting: RHB Charlie Pérez 0-0: Ground out 6-3 (Groundball, 6)
Batting: RHB Demetrio Inrouville 0-0: Swinging Strike
0-1: Foul Ball, location: 2F
0-2: Foul Ball, location: 2F
0-2: Foul Ball, location: 2F
0-2: Ball
1-2: Ball
2-2: Ball
3-2: Base on Balls
Batting: RHB Fernando Álvarez 0-0: Called Strike
Demetrio Inrouville is caught stealing 2nd base
0-1: Called Strike
0-2: Strikes out swinging
Bottom of the 1st over - 0 runs, 0 hits, 0 errors, 0 left on base; Scottsdale 0 - Nantucket 0
TOP OF THE 2ND
Scottsdale Scorpions batting - Pitching for Nantucket Orcas : LHP José Rodríguez
Batting: RHB Ronald Smith 0-0: Ball
1-0: Ball
2-0: Called Strike
2-1: Called Strike
2-2: Ball
3-2: SINGLE (Groundball, 3D)
Batting: RHB José Méndez 0-0: Ball
1-0: Ball
2-0: Called Strike
2-1: Foul Ball, location: 2F
2-2: Foul Ball, location: 2F
2-2: Fly out, F3 (Popup, 34)
Batting: LHB Pedro Díaz 0-0: Called Strike
0-1: Swinging Strike
0-2: Ball
1-2: Ground out U3 (Groundball, 34)
Ronald Smith to second
Batting: LHB Tony Ayala 0-0: Foul Ball, location: 2F
0-1: Ball
1-1: Foul Ball, location: 2F
1-2: Strikes out swinging
Top of the 2nd over - 0 runs, 1 hit, 0 errors, 1 left on base; Scottsdale 0 - Nantucket 0
BOTTOM OF THE 2ND
Nantucket Orcas batting - Pitching for Scottsdale Scorpions : LHP António Rodríguez
Batting: LHB Anzai Yamaguchi 0-0: Foul Ball, location: 2F
0-1: Ball
1-1: SOLO HOME RUN (Flyball, 7LD), Distance : 346 ft
Batting: RHB Luis Cruz 0-0: Ball
1-0: Foul Ball, location: 2F
1-1: Ball
2-1: Ball
3-1: Base on Balls
Batting: LHB Alfonso Vélez 0-0: Swinging Strike
0-1: Fielders Choice at 2nd, 1-6 (Groundball, P)
Batting: SHB Dan Dunn 0-0: Ball
Wild Pitch!
Alfonso Vélez to second
1-0: Foul Ball, location: 2F
1-1: Fly out, F3 (Popup, 3SF)
Batting: RHB Scotty Hicks 0-0: Ball
1-0: Foul Ball, location: 2F
1-1: SINGLE (Groundball, 4MD)
Alfonso Vélez to third
Runner from 3rd tries for Home, SAFE, no throw
Batting: LHB Howard White 0-0: Ball
1-0: Ball
2-0: Foul Ball, location: 2F
2-1: Ball
3-1: Foul Ball, location: 2F
3-2: Ground out 4-3 (Groundball, 4M)
Bottom of the 2nd over - 2 runs, 2 hits, 0 errors, 1 left on base; Scottsdale 0 - Nantucket 2
TOP OF THE 3RD
Scottsdale Scorpions batting - Pitching for Nantucket Orcas : LHP José Rodríguez
Batting: LHB Shawn Brown 0-0: Ball
1-0: DOUBLE (Flyball, 89XD)
Pitching: RHP Jason Willis
Batting: RHB Matt Dickson 0-0: Called Strike
0-1: Ball
1-1: Foul Ball, location: 2F
1-2: Ball
2-2: Foul Ball, location: 2F
2-2: Ball
3-2: Strikes out looking
Batting: SHB Juan Gonzáles 0-0: Called Strike
0-1: Ground out 6-3 (Groundball, 6)
Shawn Brown to third
Batting: LHB Manny Vigil 0-0: Swinging Strike
0-1: Ball
1-1: Fly out, F8 (Flyball, 8LXD)
Top of the 3rd over - 0 runs, 1 hit, 0 errors, 1 left on base; Scottsdale 0 - Nantucket 2
BOTTOM OF THE 3RD
Nantucket Orcas batting - Pitching for Scottsdale Scorpions : LHP António Rodríguez
Batting: RHB Charlie Pérez 0-0: Ball
1-0: Fly out, F4 (Popup, 4)
Batting: RHB Demetrio Inrouville 0-0: Fly out, F7 (Line Drive, 78S)
Batting: RHB Fernando Álvarez 0-0: Foul Ball, location: 2F
0-1: SINGLE (Line Drive, 9LM)
Batting: LHB Anzai Yamaguchi 0-0: Called Strike
0-1: Swinging Strike
0-2: Ball
1-2: Ball
2-2: Ball
3-2: Fly out, F9 (Flyball, 9D)
Bottom of the 3rd over - 0 runs, 1 hit, 0 errors, 1 left on base; Scottsdale 0 - Nantucket 2
TOP OF THE 4TH
Scottsdale Scorpions batting - Pitching for Nantucket Orcas : RHP Jason Willis
Batting: SHB Luis López 0-0: Ball
1-0: Ball
2-0: Called Strike
2-1: Called Strike
2-2: Ball
3-2: Base on Balls
Batting: RHB Ronald Smith 0-0: Foul Ball, location: 2F
0-1: Ball
1-1: Foul Ball, location: 2F
1-2: Ball
2-2: Strikes out swinging
Batting: RHB José Méndez 0-0: Ball
1-0: Ball
2-0: Fly out, F4 (Popup, 4MD)
Batting: LHB Pedro Díaz 0-0: Ball
1-0: Ball
2-0: Ground out 5-3 (Groundball, 25)
Top of the 4th over - 0 runs, 0 hits, 0 errors, 1 left on base; Scottsdale 0 - Nantucket 2
BOTTOM OF THE 4TH
Nantucket Orcas batting - Pitching for Scottsdale Scorpions : LHP António Rodríguez
Batting: RHB Luis Cruz 0-0: Ball
1-0: Foul Ball, location: 2F
1-1: Ball
2-1: Ball
3-1: Called Strike
3-2: Base on Balls
Batting: LHB Alfonso Vélez 0-0: Ball
Luis Cruz steals 2nd base
1-0: SINGLE (Flyball, 7S)
Luis Cruz to third
Runner from 3rd tries for Home, SAFE, no throw
Batting: SHB Dan Dunn 0-0: Ball
1-0: Foul Ball, location: 2F
1-1: Ball
2-1: Ball
3-1: Base on Balls
Alfonso Vélez to second
Batting: RHB Scotty Hicks 0-0: Called Strike
0-1: Swinging Strike
0-2: Strikes out swinging
Batting: LHB Howard White 0-0: Ball
1-0: Ball
2-0: Called Strike
2-1: Fly out, F7 (Flyball, 7LM)
Batting: RHB Charlie Pérez 0-0: Called Strike
0-1: Called Strike
0-2: Ball
1-2: Foul Ball, location: 2F
1-2: Fly out, F9 (Flyball, 9LM)
Bottom of the 4th over - 1 run, 1 hit, 0 errors, 2 left on base; Scottsdale 0 - Nantucket 3
TOP OF THE 5TH
Scottsdale Scorpions batting - Pitching for Nantucket Orcas : RHP Jason Willis
Batting: LHB Tony Ayala 0-0: Ball
1-0: Foul Ball, location: 2F
1-1: Foul Ball, location: 2F
1-2: Strikes out looking
Batting: LHB Shawn Brown 0-0: Hit by Pitch
Pinch Runner at 1st Ernesto Hernández:
Batting: RHB Matt Dickson 0-0: Ball
1-0: Ball
2-0: Ground out 4-3 (Groundball, 4S)
Ernesto Hernández to second
Batting: SHB Juan Gonzáles 0-0: Called Strike
0-1: Called Strike
0-2: Ball
1-2: Ball
2-2: Foul Ball, location: 2F
2-2: Ball
3-2: Foul Ball, location: 2F
3-2: Base on Balls
Batting: LHB Manny Vigil 0-0: SINGLE (Groundball, 56D)
Ernesto Hernández to third
Juan Gonzáles to second
Runner from 3rd tries for Home, SAFE, throw made home
Batting: SHB Luis López 0-0: Called Strike
0-1: Ground out 6-3 (Groundball, 6M)
Top of the 5th over - 1 run, 1 hit, 0 errors, 2 left on base; Scottsdale 1 - Nantucket 3
BOTTOM OF THE 5TH
Nantucket Orcas batting - Pitching for Scottsdale Scorpions : LHP António Rodríguez
Now in CF: Ernesto Hernández
Batting: RHB Demetrio Inrouville 0-0: SINGLE (Line Drive, 34D)
Batting: RHB Fernando Álvarez 0-0: Ball
1-0: Swinging Strike
1-1: Foul Ball, location: 2F
1-2: Foul Ball, location: 2F
1-2: Foul Ball, location: 2F
1-2: Ball
2-2: Fielders Choice at 2nd, 4-6 (Groundball, 4D)
Now at SS: Robinson Fernández
Batting: LHB Anzai Yamaguchi 0-0: Fly out, F9 (Flyball, 9S)
Batting: RHB Luis Cruz 0-0: Ball
1-0: Ground out 6-3 (Groundball, 6MD)
Bottom of the 5th over - 0 runs, 1 hit, 0 errors, 1 left on base; Scottsdale 1 - Nantucket 3
TOP OF THE 6TH
Scottsdale Scorpions batting - Pitching for Nantucket Orcas : RHP Jason Willis
Batting: RHB Ronald Smith 0-0: Ball
1-0: Ball
2-0: Called Strike
2-1: Fly out, F8 (Flyball, 8RM)
Batting: RHB José Méndez 0-0: Called Strike
0-1: Called Strike
0-2: SINGLE (Flyball, 8RS)
Batting: LHB Pedro Díaz 0-0: Called Strike
0-1: Foul Ball, location: 2F
0-2: Foul Ball, location: 2F
0-2: Strikes out looking
Batting: LHB Tony Ayala 0-0: Foul Ball, location: 2F
0-1: Ball
1-1: Ground out 4-3 (Groundball, 4)
Top of the 6th over - 0 runs, 1 hit, 0 errors, 1 left on base; Scottsdale 1 - Nantucket 3
BOTTOM OF THE 6TH
Nantucket Orcas batting - Pitching for Scottsdale Scorpions : LHP António Rodríguez
Batting: LHB Alfonso Vélez 0-0: Foul Ball, location: 2F
0-1: Foul Ball, location: 2F
0-2: Strikes out looking
Batting: SHB Dan Dunn 0-0: Foul Ball, location: 2F
0-1: Ball
1-1: Ground out 6-3 (Groundball, 6S)
Batting: RHB Scotty Hicks 0-0: Ball
1-0: Ball
2-0: Ground out 5-3 (Groundball, 56S)
Bottom of the 6th over - 0 runs, 0 hits, 0 errors, 0 left on base; Scottsdale 1 - Nantucket 3
TOP OF THE 7TH
Scottsdale Scorpions batting - Pitching for Nantucket Orcas : RHP Jason Willis
Pitching: LHP Armando Fuentes
Batting: LHB Ernesto Hernández 0-0: Ground out U3 (Groundball, 3)
Batting: RHB Matt Dickson 0-0: Called Strike
0-1: Ground out 5-3 (Groundball, 56S)
Batting: RHB Robinson Fernández 0-0: Ball
1-0: Foul Ball, location: 2F
1-1: SINGLE (Flyball, 8RS)
Batting: LHB Manny Vigil 0-0: Called Strike
0-1: Ball
1-1: Ball
2-1: Ball
3-1: Swinging Strike
3-2: Strikes out swinging
Top of the 7th over - 0 runs, 1 hit, 0 errors, 1 left on base; Scottsdale 1 - Nantucket 3
BOTTOM OF THE 7TH
Nantucket Orcas batting - Pitching for Scottsdale Scorpions : LHP António Rodríguez
Pitching: RHP Sterling Caldwell
Batting: LHB Howard White 0-0: Called Strike
0-1: Ball
1-1: Ball
2-1: Called Strike
2-2: Foul Ball, location: 2F
2-2: Strikes out swinging
Batting: RHB Charlie Pérez 0-0: Called Strike
0-1: Ball
1-1: Ball
2-1: Foul Ball, location: 2F
2-2: Ball
3-2: Fly out, F9 (Flyball, 9LS)
Batting: RHB Demetrio Inrouville 0-0: Called Strike
0-1: Swinging Strike
0-2: Strikes out looking
Bottom of the 7th over - 0 runs, 0 hits, 0 errors, 0 left on base; Scottsdale 1 - Nantucket 3
TOP OF THE 8TH
Scottsdale Scorpions batting - Pitching for Nantucket Orcas : LHP Armando Fuentes
Batting: SHB Luis López 0-0: Ball
1-0: Ground out 5-3 (Groundball, 56)
Batting: RHB Ronald Smith 0-0: Foul Ball, location: 2F
0-1: Ball
1-1: Ball
2-1: Fly out, F8 (Flyball, 8RM)
Batting: RHB José Méndez 0-0: Called Strike
0-1: Ball
1-1: Foul Ball, location: 2F
1-2: Foul Ball, location: 2F
1-2: Foul Ball, location: 2F
1-2: Ball
2-2: Ground out 4-3 (Groundball, 4M)
Top of the 8th over - 0 runs, 0 hits, 0 errors, 0 left on base; Scottsdale 1 - Nantucket 3
BOTTOM OF THE 8TH
Nantucket Orcas batting - Pitching for Scottsdale Scorpions : RHP Sterling Caldwell
Batting: RHB Fernando Álvarez 0-0: Ball
1-0: Ball
2-0: Foul Ball, location: 2F
2-1: Swinging Strike
2-2: Ball
3-2: Base on Balls
Batting: LHB Anzai Yamaguchi 0-0: 2-RUN HOME RUN (Flyball, 9LD), Distance : 337 ft
Pitching: RHP Rick Díaz
Batting: RHB Luis Cruz 0-0: Called Strike
0-1: Fly out, F7 (Line Drive, 7)
Batting: LHB Alfonso Vélez 0-0: Called Strike
0-1: Foul Ball, location: 2F
0-2: SINGLE (Groundball, 4MD)
Batting: SHB Dan Dunn 0-0: Ball
Alfonso Vélez is caught stealing 2nd base
1-0: Foul Ball, location: 2F
1-1: Ball
2-1: Ball
3-1: SINGLE (Groundball, 6M) (infield hit)
Batting: RHB Scotty Hicks 0-0: Ball
1-0: Fly out, F3 (Popup, 3F)
Bottom of the 8th over - 2 runs, 3 hits, 0 errors, 1 left on base; Scottsdale 1 - Nantucket 5
TOP OF THE 9TH
Scottsdale Scorpions batting - Pitching for Nantucket Orcas : LHP Armando Fuentes
Batting: LHB Pedro Díaz 0-0: Ball
1-0: Foul Ball, location: 2F
1-1: SINGLE (Line Drive, 9LS)
Batting: LHB Tony Ayala 0-0: Swinging Strike
0-1: Foul Ball, location: 2F
0-2: Ball
1-2: Ball
2-2: Ball
3-2: Strikes out swinging
Batting: LHB Ernesto Hernández 0-0: Ball
1-0: Foul Ball, location: 2F
1-1: Ball
2-1: Ball
3-1: Swinging Strike
3-2: Strikes out looking
Pitching: RHP Gerard Pérez
Batting: RHB Matt Dickson 0-0: Ball
1-0: SINGLE (Groundball, 6MD)
Pedro Díaz to second
Batting: RHB Robinson Fernández 0-0: Ball
1-0: Called Strike
1-1: Ball
2-1: Ground out 3-1 (Groundball, 34S)
Top of the 9th over - 0 runs, 2 hits, 0 errors, 2 left on base; Scottsdale 1 - Nantucket 5
Saturday, December 16th, 2017 - OOTP Baseball 18.8 Build 76